 Dungeon Crawl Stone Soup version 0.28-a0-1567-g1695149f81 (webtiles) character file.

Game seed: 18027545838765279899

1386 HallandMoats the Chopper (level 8, 0/70 HPs)
             Began as a Minotaur Fighter on Jan 19, 2022.
             Was a Priest of Wu Jian.
             Slain by a sky beast (6 damage)
             ... on level 5 of the Dungeon.
             The game lasted 00:06:25 (6114 turns).

HallandMoats the Chopper (Minotaur Fighter)         Turns: 6114, Time: 00:06:25

Health: 0/70       AC:  8    Str: 21    XL:     8   Next: 40%
Magic:  10/10      EV: 10    Int:  5    God:    Wu Jian [***...]
Gold:   224        SH:  7    Dex: 12    Spells: 7/7 levels left

rFire   . . .      SeeInvis .   u - +0 hand axe
rCold   . . .      Faith    .   l - +2 buckler
rNeg    . . .      Spirit   .   b - +0 scale mail
rPois   .          Reflect  .   (helmet restricted)
rElec   .          Harm     .   n - +0 cloak
rCorr   .          Rampage  .   (no gloves)
Will    .....                   (no boots)
Stlth   ..........              (no amulet)
HPRegen 0.21/turn               (no ring)
MPRegen 0.12/turn               (no ring)

@: no status effects
A: horns 2, retaliatory headbutt
a: Renounce Religion, Wall Jump, Serpent's Lash


You were on level 5 of the Dungeon.
You worshipped Wu Jian.
Wu Jian was most pleased with you.
You visited 1 branch of the dungeon, and saw 6 of its levels.
You also visited: Sewer.

You collected 260 gold pieces.
You spent 36 gold pieces at shops.

Inventory:

Hand Weapons
 u - a +0 hand axe (weapon)
Armour
 b - a +0 scale mail (worn)
 l - a +2 buckler (worn)
 n - a +0 cloak (worn)
Jewellery
 a - a ring of fire
Scrolls
 e - 2 scrolls of magic mapping
 f - a scroll of brand weapon
 i - a scroll of fear
 j - 2 scrolls of immolation
 p - 4 scrolls of teleportation
 t - a scroll of enchant armour
Potions
 c - a potion of cancellation {unknown}
 d - a potion of attraction {unknown}
 g - a potion of mutation {unknown}
 k - a potion of curing {unknown}
 m - a potion of degeneration {unknown}
 o - a potion of flight {unknown}
 q - a potion of haste {unknown}
 r - 2 potions of heal wounds {unknown}
 s - 2 potions of magic {unknown}


   Skills:
 + Level 5.8 Fighting
 * Level 6.9 Axes
 + Level 5.7 Armour
 + Level 3.7 Dodging
 - Level 4.4 Shields
 * Level 5.2 Invocations


You had 7 spell levels left.
You didn't know any spells.
Your spell library contained the following spells:

 Spells                   Type           Power      Damage    Failure   Level
 Dazzling Flash           Conj/Hex       0%         N/A       99%         3
 Iskenderun's Mystic Bla  Conj/Tloc      0%         2d3       100%        4
 Starburst                Conj/Fire      0%         6d3       100%        6


Dungeon Overview and Level Annotations

Branches:
Dungeon (6/15)             Temple (0/1) D:4           Sewer (visited)

Altars:
Ashenzari
Okawaru
Qazlal
Wu Jian

Shops:
D:4 *   D:6 :


Innate Abilities, Weirdness & Mutations

You have a pair of horns on your head.
You reflexively headbutt those who attack you in melee.


Message History

You are too injured to fight recklessly!
Unknown command.
You spin to attack the ogre, but your attack speed is too slow for a blow to land.
The ogre hits you with a +0 giant spiked club!!
* * * LOW HITPOINT WARNING * * *
The sky beast flickers out of sight!
Deactivating autopickup; reactivate with Ctrl-A.
There is a stone staircase leading up here.
A sky beast appears from thin air!
Reactivating autopickup.
You block the sky beast's attack.
You climb upwards.
There is a stone staircase leading down here.
You hit the sky beast but do no damage.
The sky beast is moderately wounded.
The sky beast hits you.
* * * LOW HITPOINT WARNING * * *
The sky beast shocks you.
* * * LOW HITPOINT WARNING * * *
You hit the sky beast.
The sky beast is moderately wounded.
You block the sky beast's attack.
You barely miss the sky beast.
The sky beast is moderately wounded.
You block the sky beast's attack.
You hit the sky beast but do no damage. You headbutt the sky beast.
The sky beast is heavily wounded.
The sky beast closely misses you.
You miss the sky beast. You headbutt the sky beast!
The sky beast is almost dead.
You block the sky beast's attack.
You closely miss the sky beast. Your headbutt misses the sky beast.
The sky beast is almost dead.
The sky beast hits you but does no damage.
You miss the sky beast. Your headbutt misses the sky beast.
The sky beast is almost dead.
The sky beast hits you.
* * * LOW HITPOINT WARNING * * *
The sky beast shocks you.
You die...

##.#####.##.#.#####...##'
##.#####.##.....###.###..
#.#......####.#.....##...
##.#####....))#..####.8.. ###
#..........##.#...
#....##....#...8..
#.##.......'......
#.##......##...8..
#@##.##.#####.#... # #######
#Y......# ##.8.. ######.....#
###...### ##... .......###.#
#...# ###(. ####...###.# #...#
#.##' ####.....#.#
#...########.... .......#.#.#
#...............
...#.#.#.#.#######...#####.......
...#.#.....#[....................


You could see a sky beast.

Vanquished Creatures
  Sigmund (D:2)
  A water moccasin (D:5)
  2 sky beasts (D:5)
  A centaur (D:6)
  2 scorpions
  6 jellies
  Crazy Yiuf (D:2)
  A hound (D:6)
  Jessica (D:2)
  4 iguanas
  An orc wizard (D:5)
  A hell rat (Sewer)
  A killer bee zombie (D:5)
  A hound zombie (D:5)
  A hound skeleton (D:5)
  Robin (D:2)
  8 gnolls
  A howler monkey skeleton (D:6)
  4 river rats
  7 adders
  A dart slug (D:2)
  9 orcs
  2 bats
  6 endoplasms
  A giant cockroach (D:4)
  10 goblins
  6 hobgoblins
  A jackal (D:2)
  3 quokkas
  5 ball pythons
  6 frilled lizards
  7 kobolds
  12 rats
115 creatures vanquished.

Vanquished Creatures (others)
  4 fungi (D:2)
4 creatures vanquished.

Grand Total: 119 creatures vanquished

Notes
Turn   | Place    | Note
-------+----------+-------------------------------------------
     0 | D:1      | HallandMoats the Minotaur Fighter began the quest for the
                  | Orb.
     0 | D:1      | Reached XP level 1. HP: 19/19 MP: 0/0
    83 | D:1      | Found a faded altar of an unknown god.
   129 | D:1      | Prayed at the altar of an unknown god.
   129 | D:1      | Became a worshipper of the Wu Jian Council
   129 | D:1      | Reached * piety under Wu Jian
   437 | D:1      | Reached XP level 2. HP: 17/27 MP: 1/1
  1118 | D:2      | Reached skill level 1 in Invocations
  1126 | D:2      | Reached skill level 3 in Axes
  1126 | D:2      | Reached XP level 3. HP: 26/33 MP: 2/2
  1302 | D:2      | Noticed Jessica
  1304 | D:2      | Killed Jessica
  1305 | D:2      | Reached skill level 1 in Dodging
  1305 | D:2      | Reached XP level 4. HP: 39/40 MP: 4/4
  1344 | D:2      | Noticed Sigmund
  1384 | D:2      | Noticed Robin
  1389 | D:2      | Killed Robin
  1389 | D:2      | Reached ** piety under Wu Jian
  1402 | D:2      | Killed Sigmund
  1403 | D:2      | Reached skill level 4 in Axes
  1403 | D:2      | Reached XP level 5. HP: 28/47 MP: 4/6
  1890 | D:2      | Reached XP level 6. HP: 53/53 MP: 7/7
  1973 | D:2      | Found a runed translucent door.
  1974 | D:2      | Noticed Crazy Yiuf
  1981 | D:2      | Killed Crazy Yiuf
  2303 | D:3      | You fall into a shaft and drop 1 floor!
  2407 | D:4      | Found Xeitavo's General Store.
  2411 | D:4      | Bought a scroll of teleportation for 36 gold pieces
  2505 | D:4      | Found a staircase to the Ecumenical Temple.
  2651 | D:4      | Found a glowing drain.
  2679 | Sewer    | Entered a sewer
  3243 | D:4      | Reached skill level 5 in Axes
  3705 | D:5      | Entered Level 5 of the Dungeon
  3902 | D:5      | Noticed a water moccasin
  3910 | D:5      | Reached XP level 7. HP: 54/60 MP: 8/8
  3921 | D:5      | Reached skill level 5 in Fighting
  4207 | D:5      | Found a stormy altar of Qazlal.
  4222 | D:5      | Reached skill level 5 in Armour
  4222 | D:5      | Noticed a water elemental
  4663 | D:5      | Reached *** piety under Wu Jian
  4759 | D:5      | Reached skill level 6 in Axes
  4979 | D:5      | Noticed a fire elemental
  4981 | D:5      | Noticed an air elemental
  5074 | D:5      | Found a broken altar of Ashenzari.
  5091 | D:5      | Reached XP level 8. HP: 37/69 MP: 10/10
  5321 | D:5      | Found an iron altar of Okawaru.
  5701 | D:6      | Reached skill level 5 in Invocations
  5914 | D:6      | Found Ynke Mud's Book Shoppe.
  6114 | D:5      | Slain by a sky beast

Illustrated notes

Levels and vault maps discovered:
D:1:      kennysheep_arrival_forest, layout_basic,
          hellmonk_ecumenical_altar_zigzags
D:2:      layout_loops_ring, minmay_vboxes, uniq_crazy_yiuf_cottage,
          uniq_sigmund, uniq_jessica, uniq_robin
D:3:      layout_loops_corners
D:4:      layout_loops_corners, minmay_temple_entry_poolview,
          portal_sewer_entry_c, serial_shops, nicolae_shop_stone,
          nicolae_elevator_lobby_plus
D:5:      layout_loops_cross, okawaru_altar_gauntlet_db,
          nicolae_qazlal_style_of_elements, dk_noncrumbling_3,
          minmay_ruined_shrine
D:6:      layout_loops_ring, serial_shops, shop

Skill      XL: |  1  2  3  4  5  6  7  8 |
---------------+-------------------------+-----
Invocations    | 1 2 3 4 5 |  5.2
Axes           | 3 4 5 6 |  6.9
Fighting       | 4 5 |  5.8
Armour         | 4 5 |  5.7
Dodging        | 1 2 3 |  3.7
Shields        | 4 |  4.4

Action                   |  1- 3 |  4- 6 |  7- 9 || total
-------------------------+-------+-------+-------++-------
Melee: War axe           |    52 |   135 |       ||   187
       Headbutt          |     6 |    26 |    38 ||    70
       Hand axe          |       |    10 |   152 ||   162
Invok: Lunge             |     2 |    11 |     4 ||    17
       Whirlwind         |       |     6 |       ||     6
  Use: Potion            |       |     1 |       ||     1
       Scroll            |       |     7 |     1 ||     8
Armor: Scale mail        |    27 |    56 |    51 ||   134
Dodge: Dodged            |    21 |    58 |    51 ||   130
Block: Buckler           |     9 |    37 |    42 ||    88

Table legend: (Time is in decaauts)
 A = Elapsed time spent in this place.
 B = Non-inter-level travel time spent in this place.
 C = Inter-level travel time spent in this place.
 D = Time resting spent in this place.
 E = Time spent auto-exploring this place.
 F = Levels seen in this place.
 G = Mean time per level.
                   A        B        C        D        E       F      G
               +--------+--------+--------+--------+--------+-----+--------+
         Total |   6187 |   5991 |    196 |    790 |   4319 |   7 |  883.9 |
       Dungeon |   5773 |   5577 |    196 |    488 |   4286 |   6 |  962.2 |
         Sewer |    413 |    413 |      0 |    302 |     32 |   1 |  413.0 |
               +--------+--------+--------+--------+--------+-----+--------+

Top non-repeatable levels by time:
     D:5: 1845 daAuts
     D:2: 1173 daAuts
     D:1: 1124 daAuts
     D:4: 1016 daAuts
     D:6: 570 daAuts
   Sewer: 413 daAuts
     D:3: 43 daAuts
